 Dungeon Crawl Stone Soup version 0.28.0-49-g6dfe1f597d (webtiles) character file.

Game seed: 2516949848557933866

102 mortz the Skirmisher (level 4, -1/40 HPs)
             Began as a Hill Orc Fighter on May 15, 2022.
             Was an Initiate of Gozag.
             Slain by Grinder (5 damage)
             ... on level 3 of the Dungeon.
             The game lasted 00:10:36 (2340 turns).

mortz the Skirmisher (Hill Orc Fighter)             Turns: 2340, Time: 00:10:37

Health: -1/40      AC:  9    Str: 20    XL:     4   Next: 77%
Magic:  1/1        EV:  9    Int: 12    God:    Gozag
Gold:   160        SH:  4    Dex: 10    Spells: 3/3 levels left

rFire   + . .      SeeInvis .   m - +7 short sword of Frustration {antimagic, rF+ Int+4, @e2short}
rCold   . . .      Faith    .   c - +0 buckler
rNeg    . . .      Spirit   .   b - +0 scale mail
rPois   .          Reflect  .   i - +1 helmet
rElec   .          Harm     .   (no cloak)
rCorr   .          Rampage  .   (no gloves)
Will    .....                   (no boots)
Stlth   ..........              (no amulet)
HPRegen 0.13/turn               (no ring)
MPRegen 0.07/turn               (no ring)

@: no status effects
A: no striking features
a: Renounce Religion, Potion Petition, Call Merchant, Bribe Branch


You were on level 3 of the Dungeon.
You worshipped Gozag.
Gozag was aware of your devotion.
You visited 1 branch of the dungeon, and saw 3 of its levels.

You collected 181 gold pieces.
You paid 21 gold pieces to Gozag.


   Skills:
 + Level 4.2 Fighting
 + Level 0.1 Short Blades
 + Level 3.9 Axes
 + Level 0.6 Throwing
 + Level 4.0 Armour
 + Level 0.6 Dodging
 + Level 0.1 Stealth
 + Level 3.8 Shields


You had 3 spell levels left.
You didn't know any spells.
Your spell library was empty.

Inventory:

Hand Weapons
 a - a +0 war axe {axe}
 m - the +7 short sword of Frustration (weapon) {antimagic, rF+ Int+4, @e2short}
   (You found it on level 2 of the Dungeon)

   It reduces the magical energy of the wielder, and disrupts the spells and
   magical abilities of those it strikes.
   Natural abilities and divine invocations are not affected.
   Int:       It affects your intelligence (+4).
   rF:        It protects you from fire.
Missiles
 g - 5 poisoned darts (quivered) {throwing}
 k - 24 stones {throwing}
Armour
 b - a +0 scale mail (worn)
 c - a +0 buckler (worn)
 i - a +1 helmet (worn)
   (You found it on level 1 of the Dungeon)
Scrolls
 e - a scroll of teleportation {@r4}
 f - a scroll of enchant armour {unknown}
 h - a scroll of fear {unknown}
 o - a scroll of blinking {unknown}
Potions
 d - a potion of might
 j - a potion of brilliance {unknown}
 l - a potion of heal wounds {unknown}
 n - a potion of curing {unknown}

Dungeon Overview and Level Annotations

Branches:
Dungeon (3/15)

Altars:
Gozag

Shops:
D:2 (

Annotations:
D:3 Grinder

..............................
......#.......................
..............................
#.......................
#............)..........
##>..........)..........
+........$..#########.#
#.........<.# #.#
#....5@.....# #.#
#...........# #..
#...........# #.#
############# ###


You could see Grinder (magic disrupted).


Message History

Things that are here:
a +0 dagger {short}; a +0 trident {polearm}; a +0 scale mail You now have 142 gold pieces (gained 18).
Things that are here:
a +0 flail {mace}; a +0 scale mail; a +0 flail {mace} You open the large door.
There is a large open door here.
There is a large open door here.
A ball python comes into view.
The ball python hisses angrily.
You hit the ball python.
You kill the ball python!
You now have 148 gold pieces (gained 6).
A kobold comes into view. It is wielding a +0 short sword.
The kobold shouts!
An orc comes into view. It is wielding a +0 short sword.
Found an escape hatch in the ceiling.
The orc shouts!
You puncture the kobold!
You kill the kobold!
Things that are here:
7 gold pieces; a +0 short sword {short} You barely miss the orc.
The orc hits you but does no damage.
You puncture the orc!
You kill the orc!
You now have 155 gold pieces (gained 7).
You see here a +0 short sword {short}.
You now have 160 gold pieces (gained 5).
You see here a +0 short sword {short}.
You see here a +0 short sword {short}.
Found a stone staircase leading down.
Grinder comes into view.
Grinder shouts!
You hear an angry hiss.
Grinder blinks!
There is an escape hatch in the ceiling here.
Grinder blinks!
A frilled lizard comes into view.
Grinder blinks!
Grinder blinks!
Grinder blinks!
You barely miss the frilled lizard.
Grinder blinks!
The frilled lizard bites you. 😕 HP[-1]
You take 1 damage, and now have 39/40 hp.
You hit the frilled lizard.
You kill the frilled lizard!
Grinder gestures at you.
You suddenly lose the ability to move!
You can move again.
You see here 5 gold pieces.
You puncture Grinder!
Grinder's magic leaks into the air.
Grinder hits you.
You writhe in agony. 😕 HP[-3]
You take 3 damage, and now have 36/40 hp.
You hit Grinder.
Grinder's magic leaks into the air.
Grinder hits you but does no damage. 😕 HP[+1]
You closely miss Grinder. Grinder hits you. Grinder barely misses you. 😕 HP[-4]
You take 4 damage, and now have 33/40 hp.
You closely miss Grinder. Grinder hits you but does no damage.
You hit Grinder but do no damage.
Grinder's magic is no longer disrupted.
Grinder hits you. 😮 HP[-4]
You take 4 damage, and now have 29/40 hp.
You closely miss Grinder. Grinder gestures at you.
You resist with significant effort.
You completely miss Grinder.
Grinder says, "At least Makhleb appreciates what I'm doing."
Grinder hits you but does no damage.
You barely miss Grinder.
Grinder says, "Make like a tree!"
Grinder completely misses you.
You hit Grinder.
Grinder's magic leaks into the air.
Grinder blinks! 😮 HP[+1] Grinder gestures at you.
Pain shoots through your body!
* * * LOW HITPOINT WARNING * * *
😨 HP[-11]
You take 11 damage, and now have 19/40 hp.
MASSIVE DAMAGE!! (PAUSE) Grinder's magic is no longer disrupted.
Grinder barely misses you.
You hit Grinder.
Grinder's magic leaks into the air.
You block Grinder's attack.
You closely miss Grinder. You block Grinder's attack. Grinder hits you.
* * * LOW HITPOINT WARNING * * *
You writhe in agony.
* * * LOW HITPOINT WARNING * * *
😨 HP[-8]
You take 8 damage, and now have 11/40 hp.
You hit Grinder.
Grinder's magic leaks into the air.
Grinder hits you.
* * * LOW HITPOINT WARNING * * *
You writhe in agony.
* * * LOW HITPOINT WARNING * * *
😱 HP[-8]
You take 8 damage, and now have 3/40 hp.
You closely miss Grinder. Grinder hits you.
You die...
Your body crumbles into a pile of gold.

Skill      XL: |  1  2  3  4 |
---------------+-------------+-----
Axes           | 3 |  3.9
Fighting       | 4 |  4.2
Armour         | 4 |  4.0
Short Blades   | |  0.1
Throwing       | |  0.6
Dodging        | |  0.6
Stealth        | |  0.1
Shields        | |  3.8

Action                   |  1- 3 |  4- 6 || total
-------------------------+-------+-------++-------
Melee: War axe           |    71 |       ||    71
       Short sword       |     6 |    43 ||    49
Throw: Dart              |    18 |       ||    18
       Stone             |     2 |       ||     2
  Use: Scroll            |     1 |       ||     1
Armor: Scale mail        |    36 |     9 ||    45
       Skin              |     1 |       ||     1
Dodge: Dodged            |    41 |    17 ||    58
Block: Buckler           |    10 |    10 ||    20

Levels and vault maps discovered:
D:1:      dpeg_arrival_shrine, layout_basic
D:2:      layout_loops_ring, serial_shops, shop, basic_altar, uniq_natasha
D:3:      layout_basic, ebering_ecumenical_altar_petrified, uniq_grinder

Notes
Turn   | Place    | Note
-------+----------+-------------------------------------------
     0 | D:1      | mortz the Hill Orc Fighter began the quest for the Orb.
     0 | D:1      | Reached XP level 1. HP: 19/19 MP: 1/1
     0 | D:1      | magus.rc [v1.9.6]
   221 | D:1      | Reached XP level 2. HP: 26/27 MP: 2/2
   306 | D:1      | Reached skill level 3 in Axes
   379 | D:1      | Reached skill level 4 in Fighting
   733 | D:1      | Reached XP level 3. HP: 33/33 MP: 3/3
  1055 | D:2      | Noticed Natasha
  1057 | D:2      | Found an opulent altar of Gozag.
  1215 | D:1      | Killed Natasha
  1366 | D:2      | Became a worshipper of Gozag Ym Sagoz the Greedy
  1459 | D:2      | Identified the +7 short sword of Frustration {antimagic,
                  | rF+ Int+4}
  1596 | D:2      | Found Yleicul's Antique Weapon Boutique.
  1625 | D:2      | Reached XP level 4. HP: 40/40 MP: 1/4
  1886 | D:3      | HP: 3/40 [orc/+0 trident (8)]
  2181 | D:3      | Reached skill level 4 in Armour
  2300 | D:3      | Noticed Grinder
  2322 | D:3      | Paralysed by Grinder for 2 turns
  2339 | D:3      | HP: 9/40 [Grinder (2)]
  2339 | D:3      | HP: 3/40 [Grinder (6)]
  2340 | D:3      | Slain by Grinder

Vanquished Creatures
  An orc priest (D:3)
  Natasha (D:1)
  A dart slug (D:1)
  5 orcs (D:3)
  3 ball pythons
  2 endoplasms (D:1)
  7 goblins
  3 hobgoblins
  3 jackals (D:1)
  A quokka (D:1)
  5 bats
  2 frilled lizards
  3 kobolds
  5 rats
42 creatures vanquished.

Vanquished Creatures (others)
  2 withered plants (D:3)
2 creatures vanquished.

Grand Total: 44 creatures vanquished

Table legend:
 A = Non-vault XP
 B = Vault XP
 C = Vault XP percentage of total XP
 D = Non-vault monster count
 E = Vault monster count
 F = Vault count percentage of total count
                 A         B        C        D         E       F
            +---------+---------+-------+---------+---------+-------
      Total |     113 |      33 |  22.6 |      41 |       1 |   2.4
            +---------+---------+-------+---------+---------+-------
        D:1 |      40 |      33 |  45.2 |      23 |       1 |   4.2
        D:2 |       9 |       0 |   0.0 |       6 |       0 |   0.0
        D:3 |      64 |       0 |   0.0 |      12 |       0 |   0.0
            +---------+---------+-------+---------+---------+-------

Illustrated notes

Table legend:
 A = Kills in this place as a percentage of kills in entire the game.
 B = Kills by you in this place as a percentage of kills by you in the entire game.
 C = Kills by friends in this place as a percentage of kills by friends in the entire game.
 D = Other kills in this place as a percentage of other kills in the entire game.
 E = Experience gained in this place as a percentage of experience gained in the entire game.
 F = Experience gained in this place divided by the number of levels of this place that you have seen.
                   A       B       C       D       E      F
               +-------+-------+-------+-------+-------+----------------------
         Total | 100.0 | 100.0 |   N/A |   N/A | 100.0 |  48.7
       Dungeon | 100.0 | 100.0 |   N/A |   N/A | 100.0 |  48.7
               +-------+-------+-------+-------+-------+----------------------

Table legend: (Time is in decaauts)
 A = Elapsed time spent in this place.
 B = Non-inter-level travel time spent in this place.
 C = Inter-level travel time spent in this place.
 D = Time resting spent in this place.
 E = Time spent auto-exploring this place.
 F = Levels seen in this place.
 G = Mean time per level.
                   A        B        C        D        E       F      G
               +--------+--------+--------+--------+--------+-----+--------+
         Total |   2349 |   2256 |     93 |    372 |   1342 |   3 |  783.0 |
       Dungeon |   2349 |   2256 |     93 |    372 |   1342 |   3 |  783.0 |
               +--------+--------+--------+--------+--------+-----+--------+

Top non-repeatable levels by time:
     D:1: 1306 daAuts
     D:2: 826 daAuts
     D:3: 216 daAuts
